 Dungeon Crawl Stone Soup version 0.23-a0-241-g3b46b076a4 (webtiles) character file.

49 Rrauwl the Skirmisher (level 3, -1/40 HPs)
             Began as an Ogre Fighter on Sept 27, 2018.
             Slain by an adder (2 damage)
             ... on level 2 of the Dungeon.
             The game lasted 00:04:00 (1225 turns).

Rrauwl the Skirmisher (Ogre Fighter)                Turns: 1225, Time: 00:04:00

Health: -1/40      AC:  4    Str: 25    XL:     3   Next: 75%
Magic:  3/3        EV:  8    Int:  9    God:
Gold:   68         SH:  9    Dex:  9    Spells: 2/2 levels left

rFire    . . .     SeeInvis .   a - +0 flail
rCold    . . .     Gourm    .   c - +0 shield
rNeg     . . .     Faith    .   b - +0 robe
rPois    .         Spirit   .   (helmet restricted)
rElec    .         Reflect  .   m - +0 cloak
rCorr    .         Harm     .   (gloves unavailable)
MR       .....                  (boots unavailable)
Stlth    ++........             (no amulet)
HPRegen  0.13/turn              l - ring of stealth
MPRegen  0.08/turn              (no ring)

@: mighty, lethally poisoned (-1 -> -4)
A: large, unfitting armour, tough skin 1
a: no special abilities


You were on level 2 of the Dungeon.
You were not hungry.

You visited 1 branch of the dungeon, and saw 2 of its levels.

You collected 68 gold pieces.

Inventory:

Hand Weapons
 a - a +0 flail (weapon)
Armour
 b - a +0 robe (worn)
 c - a +0 shield (worn)
 m - a +0 cloak (worn)
Jewellery
 l - a ring of stealth (left hand)
Scrolls
 e - a scroll of remove curse {unknown}
 i - a scroll of teleportation
 n - a scroll of identify
Comestibles
 f - 4 rations


   Skills:
 + Level 4.5 Fighting
 + Level 2.2 Maces & Flails
 + Level 0.5 Throwing
 + Level 0.9 Armour
 - Level 3.0 Dodging
 + Level 3.0 Shields


You had 2 spell levels left.
You didn't know any spells.
Your spell library was empty.

Dungeon Overview and Level Annotations

Branches:
Dungeon (2/15)

Altars:


Innate Abilities, Weirdness & Mutations

You are too large for most types of armour.
You have tough skin. (AC +1)


Message History

You feel sick. The adder bites you.
* * * LOW HITPOINT WARNING * * *
You are more poisoned.
The adder poisons you! You block the adder's attack.
You barely miss the adder.
The adder is lightly wounded.
The adder bites you.
* * * LOW HITPOINT WARNING * * *
The adder barely misses you.
You barely miss the adder.
The adder is lightly wounded.
* * * LOW HITPOINT WARNING * * *
You feel sick.
An adder comes into view.
The adder bites you.
* * * LOW HITPOINT WARNING * * *
You barely miss the adder.
The adder is lightly wounded.
The adder bites you.
You die...

#.#.#).......#######.......
#.......<................$#
##.#.........##(...#.......
#.##...<....###(..........
#....######## ##(S#....K..
###...## ##.(.#.....#
##...# #wK.......# #.#.#
#S#.).##..§§ #...# #@#...r#
.§ ##..# #..####..§# ...#
...## ###§§ ........#. §
#....##... .....#### ......


You could see a worm, 2 adders and a kobold.

Vanquished Creatures
  An adder (D:2)
  A worm (D:2)
  A dart slug (D:1)
  2 leopard geckos (D:1)
  3 giant cockroaches (D:1)
  4 goblins (D:1)
  3 hobgoblins (D:1)
  3 jackals (D:1)
  3 kobolds
  2 bats (D:1)
  A frilled lizard (D:1)
  6 rats
30 creatures vanquished.

Notes
Turn   | Place    | Note
-------+----------+-------------------------------------------
     0 | D:1      | Rrauwl the Ogre Fighter began the quest for the Orb.
     0 | D:1      | Reached XP level 1. HP: 24/24 MP: 1/1
    81 | D:1      | Reached XP level 2. HP: 25/32 MP: 2/2
   507 | D:1      | Reached XP level 3. HP: 36/39 MP: 3/3
  1224 | D:2      | HP: 1/40 [adder (2)]
  1225 | D:2      | Slain by an adder

Vault maps used:
D:1:      lightli_arrival_noodles, minivault_27, serial_bayou_ford_a,
          solitary_fountain
D:2:      grunt_dithmenos_smoke_and_mirrors

Skill      XL: |  1  2  3 |
---------------+----------+-----
Maces & Flails | 2 |  2.2
Shields        | 3 |  3.0
Dodging        | 3 |  3.0
Fighting       | |  4.5
Throwing       | |  0.5
Armour         | |  0.9

Action                   || total
-------------------------++-------
Melee: Flail             ||   127
  Use: Scroll            ||     4
       Potion            ||     4
 Stab: Sleeping          ||     2
  Eat: Chunk             ||     1
Armor: Robe              ||    31
Dodge: Dodged            ||    37
Block: Shield            ||    65

Table legend:
 A = Non-vault XP
 B = Vault XP
 C = Vault XP percentage of total XP
 D = Non-vault monster count
 E = Vault monster count
 F = Vault count percentage of total count
                 A         B        C        D         E       F
            +---------+---------+-------+---------+---------+-------
      Total |      70 |       0 |   0.0 |      30 |       0 |   0.0
            +---------+---------+-------+---------+---------+-------
        D:1 |      48 |       0 |   0.0 |      25 |       0 |   0.0
        D:2 |      22 |       0 |   0.0 |       5 |       0 |   0.0
            +---------+---------+-------+---------+---------+-------
